 Dungeon Crawl Stone Soup version 0.30-a0-373-gd37427bb62 (webtiles) character file.

Game seed: 1554438630279954819

361726 MackTheKnife the Warrior (level 20, -1/242 HPs)
             Began as an Armataur Delver on Nov 24, 2022.
             Was the Champion of Jiyva.
             Killed from afar by an ancient lich (17 damage)
             ... with a bolt of acid
             ... while petrified by an ancient lich
             ... on level 5 of the Vaults.
             The game lasted 01:32:04 (42002 turns).

MackTheKnife the Warrior (Armataur Delver)         Turns: 42002, Time: 01:32:05

Health: -1/242     AC: 27    Str: 41    XL:     20   Next: 74%
Magic:  9/9        EV:  1    Int: 20    God:    Jiyva [******]
Gold:   860        SH:  0    Dex: 21    Spells: 19/19 levels left

rFire   + + +      SeeInvis +    b - +6 broad axe of the Desert {antimagic, rF++ rCorr Str+4 Stlth+, axe}
rCold   + . .      Faith    .    G - +8 tower shield of Proximity {Int+3 Dex+2}
rNeg    + + +      Spirit   .    j - +6 chain mail of Arcadian Fun {rElec Int+4}
rPois   ∞          Reflect  .    A - +1 helmet {Int+3}
rElec   +          Harm     .    i - scarf {rC+ rF+}
rCorr   +          Roll     +    h - +2 pair of gloves {infuse}
Will    +....                    O - +3 barding "Tovi" {rPois}
Stlth   +.........               D - amulet of Vitality {RegenMP++ Regen++}
HPRegen 3.80/turn                x - ring of Dyritrips {rN+ Str+6}
MPRegen 1.41/turn                z - ring "Ningigec" {Str+6 Dex+5 SInv}

@: petrified, corroded, studying Short Blades
A: large, rugged brown scales 3, deformed body, armoured tail, roll, long
tongue, awkward tongue, talons 3, sense surroundings 1, robust 2, gelatinous
body 1, MP-powered wands
}: 4/15 runes: decaying, serpentine, slimy, silver
a: Renounce Religion, Oozemancy, Slimify


You were on level 5 of the Vaults.
You worshipped Jiyva.
Jiyva was exalted by your worship.
You visited 9 branches of the dungeon, and saw 42 of its levels.
You also visited: Bailey, Gauntlet, Ice Cave and Volcano.

You collected 3836 gold pieces.
You spent 2976 gold pieces at shops.


Innate Abilities, Weirdness & Mutations

You are completely covered in rugged brown scales. (AC +3, +7% HP)
Armour fits poorly on your strangely shaped body.
You have a long armoured tail.
You roll when moving toward enemies. (Rampage)
Your long tongue fully drains potion bottles. (2x potion effects)
Your tongue gives you trouble enunciating. (1.5x scroll delay)
You have claws for feet.
You passively map a small area around you.
You are very robust. (+20% HP)
Your rubbery body absorbs attacks. (AC +1, EV +1)
You expend magic power (3 MP) to strengthen your wands.


   Skills:
 - Level 19.3 Fighting
 - Level 16.8(18.5) Axes
 - Level 14.3(18.1) Maces & Flails
 + Level 15.3 Armour
 - Level 1.3 Dodging
 - Level 5.4 Stealth
 + Level 18.7 Shields
 - Level 10.0 Invocations


You had 19 spell levels left.
You didn't know any spells.
Your spell library contained the following spells:

 Spells                   Type           Power      Damage    Failure   Level
 Freeze                   Ice            0%         1d3       65%         1
 Magic Dart               Conj           0%         1d3       65%         1
 Necrotise                Necr           0%         1d4       65%         1
 Sting                    Tmut/Pois      0%         1d3       65%         1
 Blink                    Tloc           0%         N/A       80%         2
 Call Imp                 Summ           0%         N/A       80%         2
 Ensorcelled Hibernation  Hex/Ice        0%         N/A       80%         2
 Momentum Strike          Conj/Tloc      0%         3d8       80%         2
 Passwall                 Tmut/Erth      0%         N/A       80%         2
 Poisonous Vapours        Pois/Air       0%         N/A       80%         2
 Call Canine Familiar     Summ           0%         N/A       95%         3
 Frozen Ramparts          Ice            0%         1d1       95%         3
 Gell's Gravitas          Tloc           0%         N/A       95%         3
 Hailstorm                Conj/Ice       0%         3d3       95%         3
 Ignite Poison            Fire/Tmut/Pois 0%         N/A       95%         3
 Inner Flame              Hex/Fire       0%         N/A       95%         3
 Lesser Beckoning         Tloc           0%         N/A       95%         3
 Mephitic Cloud           Conj/Pois/Air  0%         N/A       95%         3
 Ozocubu's Armour         Ice            0%         N/A       95%         3
 Portal Projectile        Hex/Tloc       0%         N/A       95%         3
 Spider Form              Tmut/Pois      0%         N/A       95%         3
 Stone Arrow              Conj/Erth      0%         3d7       95%         3
 Summon Guardian Golem    Hex/Summ       0%         N/A       95%         3
 Teleport Other           Tloc           0%         N/A       95%         3
 Vampiric Draining        Necr           0%         2d6       95%         3
 Anguish                  Hex/Necr       0%         N/A       100%        4
 Animate Armour           Summ/Erth      0%         N/A       100%        4
 Cause Fear               Hex            0%         N/A       100%        4
 Ice Form                 Ice/Tmut       0%         N/A       100%        4
 Leda's Liquefaction      Hex/Erth       0%         N/A       100%        4
 Olgreb's Toxic Radiance  Pois           0%         N/A       100%        4
 Agony                    Necr           0%         N/A       100%        5
 Blade Hands              Tmut           0%         N/A       100%        5
 Irradiate                Conj/Tmut      0%         3d11      100%        5
 Simulacrum               Ice/Necr       0%         N/A       100%        6
 Dragon Form              Tmut           0%         N/A       100%        7
 Orb of Destruction       Conj           0%         9d5       100%        7
 Ozocubu's Refrigeration  Ice            0%         4d7       100%        7
 Spellforged Servitor     Conj/Summ      0%         N/A       100%        7
 Discord                  Hex            0%         N/A       100%        8
 Ignition                 Fire           0%         3d3       100%        8
 Lehudib's Crystal Spear  Conj/Erth      0%         10d2      100%        8
 Dragon's Call            Summ           0%         N/A       100%        9

Inventory:

Hand Weapons
 a - the +7 eveningstar of Intimidation {flame, *Rage +Blink rCorr Str+10, macerare=g}
   (You bought it in a shop on level 9 of the Dungeon)

   It burns those it strikes, dealing additional fire damage.
   Str:       It affects your strength (+10).
   +Blink:    It lets you blink.
   *Rage:     It berserks you when you make melee attacks (+20% chance).
   rCorr:     It protects you from acid and corrosion.
 b - the +6 broad axe of the Desert (weapon) {antimagic, rF++ rCorr Str+4 Stlth+, axe}
   (You found it on level 13 of the Dungeon)

   It reduces the magical energy of the wielder, and disrupts the spells and
   magical abilities of those it strikes.
   Natural abilities and divine invocations are not affected.
   Str:       It affects your strength (+4).
   rF:        It greatly protects you from fire.
   rCorr:     It protects you from acid and corrosion.
   Stlth:     It makes you more stealthy.
 c - the +8 flail "Hoibe" {venom, *Corrode rPois Will+++ SInv, mace}
   (Okawaru gifted it to you on level 1 of the Vaults)

   It poisons the flesh of those it strikes.
   rPois:     It protects you from poison.
   SInv:      It lets you see invisible.
   *Corrode:  It may corrode you when you take damage.
   Will:      It greatly increases your willpower.
 S - the +3 spear of Yredelemnul {vamp, Dex+3, polearm}
   (You found it on level 5 of the Vaults)

   It occasionally heals its wielder for a portion of the damage dealt when it
   wounds a living foe.
   Dex:       It affects your dexterity (+3).
Armour
 h - a +2 pair of gloves of infusion (worn)
   (You bought it in a shop on level 3 of the Snake Pit)
 i - a scarf of resistance (worn)
   (You bought it in a shop on level 2 of the Orcish Mines)
 j - the +6 chain mail of Arcadian Fun (worn) {rElec Int+4}
   (Okawaru gifted it to you on level 1 of the Vaults)

   Int:       It affects your intelligence (+4).
   rElec:     It insulates you from electricity.
 r - +0 gold dragon scales {rare}
   (You found it on level 5 of the Vaults)
 A - a +1 helmet of intelligence (worn)
   (You found it in a bailey)
 B - a +2 barding of cold resistance
   (Okawaru gifted it to you on level 1 of the Elven Halls)
 G - the +8 tower shield of Proximity (worn) {Int+3 Dex+2}
   (Okawaru gifted it to you on level 15 of the Dungeon)

   Int:       It affects your intelligence (+3).
   Dex:       It affects your dexterity (+2).
 O - the +3 barding "Tovi" (worn) {rPois}
   (Okawaru gifted it to you on level 13 of the Dungeon)

   rPois:     It protects you from poison.
 P - the -1 pair of gloves of the Lotus Blossom {rF+ Regen+ rCorr Str-4}
   (You bought it in a shop on level 2 of the Orcish Mines)

   Str:       It affects your strength (-4).
   rF:        It protects you from fire.
   Regen:     It increases your rate of health regeneration.
   rCorr:     It protects you from acid and corrosion.
Jewellery
 d - an amulet of reflection
   (You bought it in a shop on level 13 of the Dungeon)
 x - the ring of Dyritrips (left hand) {rN+ Str+6}
   (You found it in an ice cave)

   [ring of positive energy]

   Str:       It affects your strength (+6).
   rN:        It protects you from negative energy.
 z - the ring "Ningigec" (right hand) {Str+6 Dex+5 SInv}
   (You found it in a Gauntlet)

   [ring of strength]

   Str:       It affects your strength (+6).
   Dex:       It affects your dexterity (+5).
   SInv:      It lets you see invisible.
 D - the amulet of Vitality (around neck) {RegenMP++ Regen++}
   (You took it off an ironbound preserver on level 2 of the Vaults)

   [amulet of magic regeneration]

   It increases your rate of magic regeneration.
   Regen:     It increases your rate of health regeneration.
 J - the ring of Lesser Demons {rC+ rN+}
   (You found it on level 3 of the Snake Pit)

   [ring of protection from cold]

   rC:        It protects you from cold.
   rN:        It protects you from negative energy.
Wands
 g - a wand of digging (16)
 k - a wand of iceblast (26)
   (You found it on level 9 of the Dungeon)
 s - a wand of paralysis (35)
   (You found it on level 1 of the Lair of Beasts)
 N - a wand of acid (15)
   (You found it on level 12 of the Dungeon)
Scrolls
 e - 5 scrolls of fear
 m - 14 scrolls of teleportation {@r4}
 n - 9 scrolls of immolation {!r!r}
 o - a scroll of butterflies
 p - 6 scrolls of blinking {!r}
 t - a scroll of poison {!r}
 K - 11 scrolls of identify {@r1}
 L - 9 scrolls of enchant weapon
 W - 3 scrolls of brand weapon
 Y - a scroll of magic mapping {!r}
Potions
 f - 10 potions of haste {@q3}
 l - 2 potions of might
 q - 6 potions of mutation {!q}
 u - 2 potions of berserk rage {!q}
 v - 9 potions of flight
 w - 7 potions of resistance
 C - 5 potions of attraction {!q}
 F - 3 potions of cancellation
 I - 6 potions of heal wounds {@q2}
 M - 3 potions of magic
 Q - 2 potions of invisibility
 R - 5 potions of curing {@q1}
Miscellaneous
 y - a lightning rod (4/4)
   (You found it on level 11 of the Dungeon)
 E - a box of beasts
   (You found it on level 1 of the Vaults)
 H - a phial of floods
   (You found it in a bailey)
 T - a condenser vane
   (You found it on level 15 of the Dungeon)
 V - a tin of tremorstones (2/2) {throwing}
   (You found it on level 1 of the Snake Pit)

Dungeon Overview and Level Annotations

Branches:
Dungeon (15/15) Zot: 24433  Temple (0/1) D:4            Lair (5/5) D:11 Zot: 23929
  Swamp (4/4) Lair:3 Zot: 21235   Snake (4/4) Lair:2 Zot: 19097   Slime (5/5) Lair:4 Zot: 26871
    Orc (2/2) D:9 Zot: 10060     Elf (1/3) Orc:2 Zot: 5837  Vaults (5/5) D:14 Zot: 22376
  Crypt (0/3) Vaults:3     Depths (1/4) D:15 Zot: 5948  Bailey (visited)
  IceCv (visited)         Volcano (visited)         Gauntlet (visited)

Altars:
Gozag
Hepliaklqana
Kikubaaqudgha
Okawaru
Qazlal
Yredelemnul
Zin
Jiyva

Shops:
D:3 [   D:5 (   D:9 ?([   D:11 (   D:13 [*!=   D:14 [   Orc:2 *[=(   Snake:1 [
Snake:3 ([:   Vaults:1 *   Vaults:2 (!=(   Vaults:3 [!(((   Vaults:4 (

Annotations:
D:11 3 runed translucent doors, funkygono's ghost, journeyman DsFE
Lair:1 exclusion: oklob plant
Lair:3 exclusion: 2 oklob plants
Vaults:4 3 runed translucent doors, Vivivvi's ghost, veteran DjCj

........................., ,....
......................... ....
####..........###################
..##.............................
##..###....#.####################
##..###....#.#...................
..##..#....#.#...################
..##..#....#.#.Lpp†)......,,,
##..###....#.#○#@######### **
##..###....#.#.#C# , , , , ,
..##..#....#.#.#Q#, ,,, ,*
..##..#....#.#.#.# , ,, , ,
##..### , #.#.# ,, ^ ##..### ,,,
#.#.# , , , , ..##..# , * #.#.#,,
, ,^ , ..##..# #.#.# ,, , ,
##..### ,, #.#.# ^ ,, ,


You could see 2 ironbound preservers, a titan (sheltered, magic disrupted), an
ancient lich (invisible) and a tengu reaver (sheltered).


Message History

The ancient lich gestures at you while chanting.
The bolt of acid hits you. You resist. The acid corrodes you!
The ancient lich touches you.
The ironbound preserver casts a spell.
The ironbound preserver begins to accept its allies' injuries.
The titan hits you but does no damage.
The ironbound preserver hits you but does no damage.
You turn to flesh and can move again.
Unknown command.
You barely miss the ancient lich. You slash the titan!
The titan's magic leaks into the air.
You slash the ironbound preserver!
The ironbound preserver's magic leaks into the air.
The ironbound preserver's magic is no longer disrupted.
The ancient lich points at you and mumbles some strange words.
You are slowing down. 😮 HP[-84] MP[-1]
You take 84 damage, and now have 158/242 hp.
MASSIVE DAMAGE!! (PAUSE)
You lost 1 mp, and now have 8/9 mp.
Unknown command.
Unknown command.
You hit the ancient lich.
The ancient lich's magic leaks into the air.
You slice the titan!!
The titan's magic leaks into the air.
You slash the ironbound preserver!
The ironbound preserver's magic leaks into the air.
The ancient lich's magic is no longer disrupted.
You block the ancient lich's attack.
The ironbound preserver hits you with a +0 great mace.
The titan hits you but does no damage.
The ancient lich touches you but does no damage.
You block the ironbound preserver's attack.
You block the titan's attack.
Your limbs are stiffening. 😮 HP[+3] MP[-1]
You regained 3 hp, and now have 161/242 hp.
You lost 1 mp, and now have 7/9 mp.
You hit the ancient lich but do no damage.
You tail-slap the ancient lich!! You slash the titan!
The titan's magic leaks into the air.
You hit the ironbound preserver.
The ironbound preserver's magic leaks into the air.
You block the ancient lich's attack.
The titan falters for a moment.
You block the ironbound preserver's attack.
The ancient lich casts a spell at you. The crystal spear hits you!!!!
* * * LOW HITPOINT WARNING * * *
You have turned to stone.
The ancient lich touches you but does no damage.
The titan hits you!
* * * LOW HITPOINT WARNING * * *
The ironbound preserver's magic is no longer disrupted.
The ancient lich casts a spell at you. The crystal spear hits you!!
* * * LOW HITPOINT WARNING * * *
The titan hits you!!
* * * LOW HITPOINT WARNING * * *
The ironbound preserver gestures wildly while chanting.
The ironbound preserver begins to accept its allies' injuries.
The ironbound preserver hits you but does no damage.
The ancient lich touches you but does no damage.
The ancient lich touches you but does no damage.
The titan hits you but does no damage.
The ironbound preserver hits you with a +0 great mace!!
* * * LOW HITPOINT WARNING * * *
The ironbound preserver hits you with a +2 war axe of draining!
* * * LOW HITPOINT WARNING * * *
The ancient lich casts a spell at you. The bolt of acid hits you! You resist.
* * * LOW HITPOINT WARNING * * *
The titan hits you!
* * * LOW HITPOINT WARNING * * *
The ironbound preserver hits you but does no damage.
The ironbound preserver hits you with a +2 war axe of draining!
* * * LOW HITPOINT WARNING * * *
The ancient lich gestures at you while chanting.
The bolt of acid hits you!! You resist.
* * * LOW HITPOINT WARNING * * *
The acid corrodes you!
The ancient lich touches you but does no damage.
The titan hits you!!
* * * LOW HITPOINT WARNING * * *
The ironbound preserver hits you with a +0 great mace.
* * * LOW HITPOINT WARNING * * *
The ironbound preserver hits you with a +2 war axe of draining!
* * * LOW HITPOINT WARNING * * *
The ancient lich is no longer moving quickly.
The ancient lich touches you but does no damage.
The ironbound preserver hits you with a +0 great mace!
* * * LOW HITPOINT WARNING * * *
The ironbound preserver hits you but does no damage.
The titan hits you!!!
* * * LOW HITPOINT WARNING * * *
The ancient lich touches you but does no damage.
The titan falters for a moment.
The ironbound preserver hits you with a +0 great mace.
The ironbound preserver casts a spell.
The ironbound preserver begins to accept its allies' injuries.
The ancient lich casts a spell at you. The bolt of acid hits you!! You resist.
You die...

Skill      XL: |  1  2  3  4  5  6  7  8  9 10 11 12 13 14 15 16 17 18 19 20 |
---------------+-------------------------------------------------------------+-----
Axes           | 2 3 4 5 8 11 12 16 | 16.8
Fighting       | 3 4 5 6 7 11 14 16 18 19 | 19.3
Armour         | 1 2 4 5 7 10 14 15 | 15.3
Shields        | 2 4 5 6 8 12 14 18 | 18.7
Maces & Flails | 6 12 14 | 14.3
Invocations    | 7 10 | 10.0
Dodging        | |  1.3
Stealth        | |  5.4

Action                   |  1- 3 |  4- 6 |  7- 9 | 10-12 | 13-15 | 16-18 | 19-21 || total
-------------------------+-------+-------+-------+-------+-------+-------+-------++-------
Melee: Hand axe          |   104 |    58 |    28 |       |       |       |       ||   190
       Tailslap          |     9 |    14 |    57 |    50 |   166 |   199 |   235 ||   730
       Dagger            |       |    93 |   116 |       |       |       |       ||   209
       War axe           |       |       |   209 |   297 |       |       |       ||   506
       Eveningstar       |       |       |       |   177 |   993 |  1065 |    39 ||  2274
       Broad axe         |       |       |       |       |       |    59 |  1019 ||  1078
       Flail             |       |       |       |       |       |    20 |     7 ||    27
       Kick              |       |       |       |       |       |       |    77 ||    77
Throw: Javelin           |       |     4 |       |       |       |       |       ||     4
Invok: Heroism           |       |       |     2 |       |    16 |    16 |       ||    34
       Finesse           |       |       |       |       |     1 |     4 |       ||     5
Evoke: Wand              |       |     4 |     7 |     4 |     2 |     1 |       ||    18
       Box of beasts     |       |       |       |       |       |     1 |       ||     1
  Use: Potion            |     1 |     2 |     2 |       |     5 |     2 |     6 ||    18
       Scroll            |       |    15 |    13 |     6 |     8 |     4 |     3 ||    49
 Stab: Sleeping          |     5 |       |       |     1 |     1 |     1 |     7 ||    15
       Distracted        |     1 |       |       |     1 |       |       |     1 ||     3
       Confused          |       |       |       |       |       |       |     1 ||     1
       Fleeing           |       |       |       |       |       |       |     1 ||     1
Armor: Leather armour    |     6 |       |       |       |       |       |       ||     6
       Chain mail        |    40 |    89 |   135 |   142 |   357 |   288 |   473 ||  1524
Dodge: Dodged            |    31 |    34 |    71 |    61 |   164 |   103 |   119 ||   583
Block: Kite shield       |       |    42 |   221 |   298 |   755 |    64 |       ||  1380
       Tower shield      |       |       |       |       |       |  1287 |  1383 ||  2670
       Reflection        |       |       |       |       |       |    89 |    38 ||   127

Levels and vault maps discovered:
D:1:      elethiomel_arrival_infinity_welcomes_careful_drivers, layout_basic
D:2:      layout_basic, nrook_mini_vaults
D:3:      kennysheep_six_static_rooms, layout_basic, serial_shops,
          nicolae_square_shop
D:4:      layout_basic, kennysheep_okawaru_gauntlet,
          minmay_temple_entry_antechambers
D:5:      layout_gridville, serial_shops, shop
D:6:      layout_basic, mainiacjoe_overflow_concentric_impassable
D:7:      layout_gridville, nicolae_ossuary_entry_false_entrances,
          hangedman_decor_slide_cut, minmay_joined_circles
D:8:      layout_loops_ring
D:9:      layout_gridville, hiddenorc1_lemuel, serial_shops, shop,
          nicolae_shop_advertising_works [nicolae_subvault_shop_adworks],
          kennysheep_mini, enter_bailey_7
D:10:     layout_loops_cross, grunt_temple_overflow_open
D:11:     layout_grid_maze, lair_entry_dummy, ebering_ghost_gozag, serial_shops,
          nicolae_shop_hallway_plus, uniq_fannar
D:12:     layout_basic, portal_ice_cave_entry_imps
D:13:     layout_roguey, gammafunk_ghost_hydra_chop, minmay_shop_grid_forest,
          kennysheep_dice
D:14:     layout_basic, david_vaults_2, hangedman_decor_points,
          gauntlet_entry_generic, serial_shops, nicolae_shop_trees
D:15:     gammafunk_enter_depths_forms, layout_irregular_city,
          nicolae_qazlal_scattered_showers
Lair:1:   lemuel_slime, layout_chaotic_city, nicolae_lair_run_with_the_wolves,
          infiniplex_staircase_pool
Lair:2:   layout_regular_city, guppyfry_snake_entry_island,
          serial_bayou_shore_a, infiniplex_staircase_pool_2, uniq_harold,
          uniq_sonja, uniq_gastronok
Lair:3:   minmay_lair_oklob_chamber, layout_loops_ring,
          skrybe_swamp_entry_bodies, nicolae_volcano_entry_two_sided,
          grunt_megastairs_1
Lair:4:   layout_small_grid, slime_entry_1, beast_lair_carwin_5,
          grunt_megastairs_3, uniq_snorg
Lair:5:   gammafunk_lair_ancient_temple, layout_loops_ring
Swamp:1:  layout_basic_swamp, evilmike_swamp_ruin_house_3, swamp_pool4
Swamp:2:  layout_basic_swamp, evilmike_swamp_ruin_house_2, swamp_pool4,
          nicolae_swamp_drake_lake
Swamp:3:  layout_falls_marsh, evilmike_swamp_ruin_rubble_2, swamp_pool2,
          uniq_louise
Swamp:4:  swamp_fiery, layout_basic_swamp
Snake:1:  layout_grid_maze, serial_shops,
          nicolae_shop_temple_entry_statues_fountains, nicolae_snake_snake_lake
Snake:2:  layout_misc_corridors, nicolae_integral_box
Snake:3:  layout_onion, grunt_ministairs_1, nicolae_shop_firing_range,
          minmay_shoptagon, lemuel_fruit_tree
Snake:4:  grunt_snake_rune_pools, layout_cave_town
Slime:1:  layout_caves
Slime:2:  layout_caves, nicolae_slime_round_cave, uniq_dissolution
Slime:3:  layout_caves
Slime:4:  layout_caves
Slime:5
Orc:1:    layout_diamond_mine
Orc:2:    grunt_orc_gardens, layout_caves, grunt_orc_garden, grunt_orc_garden,
          grunt_orc_garden, grunt_orc_garden, mines1_david
Elf:1:    layout_loops_cross, uniq_frances
Vaults:1: nicolae_vaults_stairing_the_circle, v_misc_28, v_misc_10,
          vaults_standard_mumra_enter_the_diamond, nicolae_vaults_network_star,
          ontoclasm_vaults_gallery, v_misc_2, vaults_room_hallway, v_misc_13,
          vaults_dpeg_doors, ontoclasm_vaults_decontamination,
          ontoclasm_vaults_ring_square, layout_vaults_omnibox, serial_shops,
          nicolae_shop_trees, uniq_asterion, uniq_donald
Vaults:2: vaults_room_hallway, hangedman_vaults_cutoff, st_octagons_2,
          grunt_vaults_hallway_short, hangedman_vaults_snaps, v_misc_19,
          v_misc_28, v_misc_2, ontoclasm_vaults_ligature,
          ontoclasm_vaults_pinch, vaults_mumra_minichess_inversion,
          vaults_dpeg_encased_lava, layout_vaults_ring, serial_shops, shop,
          shop, shop, nicolae_shop_competitors_out_of_business
Vaults:3: portal_desolation_entry_twin_temple, vaults_room_door_ring,
          nicolae_vaults_little_squares_5, vaults_room_fours,
          nicolae_vaults_ring_of_whatevers, vaults_room_door_ring,
          ontoclasm_vaults_ring_square, vaults_room_pools,
          hangedman_vaults_stitches, ontoclasm_vaults_gateway, st_cells,
          layout_vaults_omnigrid, serial_shops, nicolae_shop_behind_doors, shop,
          shop, shop_fountains, shop, uniq_xtahua
Vaults:4: gammafunk_ghost_crypt, hangedman_vaults_locks,
          ontoclasm_vaults_shuriken, vaults_room_pools, v_misc_31, v_rooms_1,
          nicolae_vaults_specimen_jars, vaults_dpeg_diagonal,
          hangedman_vaults_restitches, v_misc_2, nicolae_vaults_asterisk,
          nicolae_vaults_border_crossing, layout_vaults_big_room, serial_glass,
          serial_shops, nicolae_shop_behind_doors
Vaults:5
Depths:1: layout_gridlike, hellmouth_3, amcnicky_mini_rare_corridor_liquid,
          minmay_fractal_squares_diagonal_5

Notes
Turn   | Place    | Note
-------+----------+-------------------------------------------
     0 | D:5      | MackTheKnife the Armataur Delver began the quest for the
                  | Orb.
     0 | D:5      | Reached XP level 1. HP: 19/19 MP: 1/1
     0 | D:5      | magus.rc [v1.9.6]
     2 | D:5      | Noticed an ice beast
    50 | D:5      | Noticed an iguana
    61 | D:5      | HP: 1/19 [iguana (7)]
   189 | D:5      | Noticed a scorpion
   213 | D:5      | You pick up a book of Dreams and begin reading...
   213 | D:5      | You add the spells Ensorcelled Hibernation, Spider Form and
                  | Anguish to your library.
   222 | D:5      | Reached skill level 2 in Axes
   278 | D:5      | Reached XP level 2. HP: 22/26 MP: 2/2
   282 | D:5      | Found Vouvodgh's Weapon Emporium.
   432 | D:3      | Found Nebineg's Antique Armour Shoppe.
   680 | D:1      | Reached XP level 3. HP: 16/32 MP: 3/3
   892 | D:1      | Reached skill level 3 in Axes
  1470 | D:2      | You pick up a book of the Hunter and begin reading...
  1470 | D:2      | You add the spells Call Canine Familiar, Portal Projectile
                  | and Leda's Liquefaction to your library.
  1897 | D:2      | Reached XP level 4. HP: 12/39 MP: 4/4
  1900 | D:2      | HP: 9/39 [poisoned by an adder]
  2353 | D:2      | magus.rc [v1.9.6]
  2590 | D:3      | Reached skill level 4 in Axes
  2651 | D:3      | Gained mutation: You sometimes lose your temper in combat.
                  | [potion of mutation]
  2651 | D:3      | Gained mutation: You are strong-willed. (Will+) [potion of
                  | mutation]
  2651 | D:3      | Gained mutation: You have a pair of small horns on your
                  | head. [potion of mutation]
  2651 | D:3      | Gained mutation: You are agile. (Dex +4, Str/Int -1)
                  | [potion of mutation]
  2651 | D:3      | Lost mutation: You are agile. (Dex +4, Str/Int -1) [potion
                  | of mutation]
  2651 | D:3      | Gained mutation: You are clumsy. (Dex -2) [potion of
                  | mutation]
  2651 | D:3      | Gained mutation: Your spells are a little harder to cast,
                  | but a little more powerful. [potion of mutation]
  2652 | D:3      | Lost mutation: You are strong-willed. (Will+) [potion of
                  | mutation]
  2652 | D:3      | Lost mutation: You sometimes lose your temper in combat.
                  | [potion of mutation]
  2652 | D:3      | Lost mutation: Your spells are a little harder to cast, but
                  | a little more powerful. [potion of mutation]
  2652 | D:3      | Lost mutation: You have a pair of small horns on your head.
                  | [potion of mutation]
  2652 | D:3      | Lost mutation: You are clumsy. (Dex -2) [potion of
                  | mutation]
  2652 | D:3      | Gained mutation: You passively map a small area around you.
                  | [potion of mutation]
  2652 | D:3      | Gained mutation: You are robust. (+10% HP) [potion of
                  | mutation]
  2652 | D:3      | Gained mutation: You have a somewhat thin skeletal
                  | structure. (Dex +2, Stealth+) [potion of mutation]
  2705 | D:3      | You pick up a book of Spatial Translocations and begin
                  | reading...
  2705 | D:3      | You add the spells Blink, Momentum Strike and Lesser
                  | Beckoning to your library.
  3309 | D:4      | Reached skill level 3 in Fighting
  3309 | D:4      | Reached skill level 1 in Armour
  3309 | D:4      | Reached XP level 5. HP: 51/52 MP: 5/5
  3309 | D:4      | Noticed an ogre
  3326 | D:4      | HP: 5/52 [ogre/+0 giant spiked club (26)]
  3622 | D:4      | Killed an ogre
  3623 | D:4      | Reached skill level 2 in Armour
  3654 | D:4      | Reached XP level 6. HP: 46/60 MP: 6/6
  3762 | D:3      | Bought a shiny kite shield for 127 gold pieces
  3771 | D:3      | magus.rc [v1.9.6]
  3836 | D:4      | Reached skill level 3 in Armour
  3947 | D:4      | Reached skill level 1 in Shields
  4054 | D:3      | Reached skill level 4 in Fighting
  4184 | D:4      | Found an iron altar of Okawaru.
  4192 | D:4      | Became a worshipper of Warmaster Okawaru
  4250 | D:4      | Found a staircase to the Ecumenical Temple.
  4384 | D:4      | You pick up a book of Displacement and begin reading...
  4384 | D:4      | You add the spells Gell's Gravitas and Teleport Other to
                  | your library.
  4690 | D:5      | Killed an ice beast
  4691 | D:5      | Reached skill level 4 in Armour
  4691 | D:5      | Reached skill level 2 in Shields
  4710 | D:4      | Reached XP level 7. HP: 51/70 MP: 7/7
  4980 | D:5      | Reached skill level 3 in Shields
  5249 | D:5      | Reached * piety under Okawaru
  5250 | D:5      | Reached skill level 5 in Armour
  5280 | D:5      | Reached skill level 5 in Fighting
  5472 | D:5      | Reached skill level 4 in Shields
  5472 | D:5      | Reached XP level 8. HP: 66/79 MP: 8/8
  5775 | D:6      | Reached skill level 6 in Armour
  5785 | D:6      | You pick up a book of Necromancy and begin reading...
  5785 | D:6      | You add the spells Necrotise, Vampiric Draining and Agony
                  | to your library.
  6048 | D:6      | Reached ** piety under Okawaru
  6049 | D:6      | Reached skill level 5 in Shields
  6238 | D:6      | Reached skill level 6 in Fighting
  6391 | D:6      | Reached skill level 7 in Armour
  6589 | D:6      | Found a hazy altar of Hepliaklqana.
  6599 | D:6      | Reached skill level 5 in Axes
  6839 | D:7      | Reached XP level 9. HP: 71/86 MP: 9/9
  6905 | D:7      | Reached *** piety under Okawaru
  7191 | D:7      | HP: 20/86 [orc warrior/+0 halberd (9)]
  7199 | D:7      | Reached skill level 6 in Axes
  7926 | D:7      | Reached skill level 7 in Axes
  7957 | D:7      | Reached **** piety under Okawaru
  8053 | D:7      | You pick up a book of Hexes and begin reading...
  8053 | D:7      | You add the spells Inner Flame, Cause Fear and Discord to
                  | your library.
  8405 | D:8      | Noticed a two-headed ogre
  8418 | D:8      | Killed a two-headed ogre
  8419 | D:8      | Reached skill level 8 in Axes
  8714 | D:8      | Reached XP level 10. HP: 87/97 MP: 10/10
  8787 | D:8      | Reached skill level 9 in Axes
  9310 | D:9      | Found Cyaqami's Armour Shoppe.
  9335 | D:9      | Bought the +3 chain mail of Onwaf {rPois rN+ Regen+} for
                  | 453 gold pieces
  9374 | D:9      | Found a flagged portal.
  9383 | Bailey   | Entered a bailey
  9426 | Bailey   | Noticed an orc knight
  9426 | Bailey   | Noticed an orc knight
  9441 | Bailey   | Killed an orc knight
  9442 | Bailey   | Reached skill level 10 in Axes
  9446 | Bailey   | Killed an orc knight
  9446 | Bailey   | Reached ***** piety under Okawaru
  9565 | Bailey   | Noticed an orc knight
  9573 | Bailey   | Banished an orc knight
  9627 | Bailey   | Identified the +4 scale mail "Setrub" {+Blink Str+3}
                  | (Okawaru gifted it to you in a bailey)
  9627 | Bailey   | Received a gift from Okawaru
  9654 | D:9      | Reached skill level 11 in Axes
  9676 | D:9      | You add the spells Olgreb's Toxic Radiance, Ozocubu's
                  | Refrigeration and Ignition to your library.
  9867 | D:9      | Found Sirchofeu's Antique Weapon Shop.
 10008 | D:9      | Found Cusoin's Magic Scroll Shoppe.
 10299 | D:9      | Found a staircase to the Orcish Mines.
 10304 | Orc:1    | Entered Level 1 of the Orcish Mines
 10319 | Orc:1    | Noticed an orc knight
 10333 | Orc:1    | Killed an orc knight
 10334 | Orc:1    | Reached skill level 6 in Shields
 10334 | Orc:1    | Reached XP level 11. HP: 93/104 MP: 9/11
 10719 | Orc:1    | Noticed an orc warlord
 10724 | Orc:1    | Noticed an orc sorcerer
 10776 | D:10     | Entered Level 10 of the Dungeon
 10860 | D:10     | Reached skill level 8 in Armour
 10882 | D:10     | Noticed a two-headed ogre
 10890 | D:10     | Killed a two-headed ogre
 11015 | D:10     | Reached skill level 7 in Shields
 11097 | D:10     | Found a basalt altar of Yredelemnul.
 11135 | D:10     | Found a glowing silver altar of Zin.
 11205 | D:10     | Noticed a two-headed ogre
 11209 | D:10     | Killed a two-headed ogre
 11535 | D:11     | Reached skill level 12 in Axes
 11538 | D:11     | Reached skill level 9 in Armour
 11543 | D:11     | Found a staircase to the Lair.
 11565 | D:11     | Noticed Fannar
 11576 | D:11     | Killed Fannar
 11577 | D:11     | Reached skill level 8 in Shields
 11623 | D:11     | Found Calaucs's Weapon Shoppe.
 11666 | D:11     | Received a gift from Okawaru
 11751 | D:11     | Noticed a green ugly thing
 11759 | D:11     | Killed a green ugly thing
 11869 | D:11     | Reached skill level 10 in Armour
 12072 | D:11     | Found a runed translucent gate.
 12072 | D:11     | Found a runed translucent gate.
 12072 | D:11     | Found a runed translucent gate.
 12073 | D:11     | Found an opulent altar of Gozag.
 12073 | D:11     | Noticed an ogre mage
 12090 | D:11     | Noticed a brown ugly thing
 12090 | D:11     | Noticed funkygono's ghost (journeyman DsFE)
 12090 | D:11     | Noticed a fire giant
 12090 | D:11     | Noticed a two-headed ogre
 12733 | D:9      | Bought a transparent eveningstar for 580 gold pieces
 12733 | D:9      | Identified the +7 eveningstar of Intimidation {flame, *Rage
                  | +Blink rCorr Str+10} (You bought it in a shop on level 9 of
                  | the Dungeon)
 12733 | D:9      | P - the +7 eveningstar of Intimidation {flame, *Rage +Blink
                  | rCorr Str+10, macerare=g}
 12734 | D:9      | the +7 eveningstar of Intimidation {flame, *Rage +Blink
                  | rCorr Str+10, macerare=g} bursts into flame!
 12734 | D:9      | P - the +7 eveningstar of Intimidation (weapon) {flame,
                  | *Rage +Blink rCorr Str+10, macerare=g}
 12799 | Lair:1   | Entered Level 1 of the Lair of Beasts
 12833 | Lair:1   | Noticed a wolf spider
 12836 | Lair:1   | Reached XP level 12. HP: 112/112 MP: 12/12
 12843 | Lair:1   | Reached skill level 1 in Maces & Flails
 12854 | Lair:1   | Reached skill level 2 in Maces & Flails
 12862 | Lair:1   | Identified the +5 scale mail "Inonn" {rN+ Int+6 Slay-2}
                  | (Okawaru gifted it to you on level 1 of the Lair of Beasts)
 12862 | Lair:1   | Received a gift from Okawaru
 12867 | Lair:1   | Reached skill level 3 in Maces & Flails
 13058 | Lair:1   | You pick up a book of Transfigurations {@e2} and begin
                  | reading...
 13058 | Lair:1   | You add the spells Irradiate, Blade Hands and Dragon Form
                  | to your library.
 13090 | Lair:1   | Reached skill level 4 in Maces & Flails
 13153 | Lair:1   | You fall into a shaft and drop 1 floor!
 13153 | Lair:2   | Found a staircase to the Snake Pit.
 13290 | Lair:1   | Reached skill level 5 in Maces & Flails
 13305 | Lair:1   | Reached skill level 6 in Maces & Flails
 13795 | Lair:2   | Reached skill level 9 in Shields
 13835 | Lair:2   | Noticed a death yak
 13835 | Lair:2   | Noticed a death yak
 13836 | Lair:2   | Noticed a death yak
 13854 | Lair:1   | Killed a death yak
 13863 | Lair:2   | Killed a death yak
 13866 | Lair:2   | Killed a death yak
 13867 | Lair:2   | Reached skill level 10 in Shields
 14129 | Lair:2   | Noticed a boulder beetle
 14141 | Lair:2   | Killed a boulder beetle
 14142 | Lair:2   | Reached skill level 11 in Shields
 14143 | Lair:2   | Identified the +1 scale mail "Roinista" {-Cast Rampage
                  | Str+4 SInv}
 14166 | Lair:2   | Noticed Sonja
 14171 | Lair:2   | Killed Sonja
 14199 | Lair:2   | Noticed Gastronok
 14244 | Lair:2   | Killed Gastronok
 14462 | Lair:2   | Reached skill level 12 in Shields
 14591 | Lair:2   | Noticed Harold
 14603 | Lair:2   | Killed Harold
 14625 | Lair:2   | Reached XP level 13. HP: 119/119 MP: 13/13
 14961 | Lair:3   | Reached ****** piety under Okawaru
 14977 | Lair:3   | Received a gift from Okawaru
 15033 | Lair:3   | Reached skill level 7 in Maces & Flails
 15115 | Lair:3   | Found a dark tunnel.
 15156 | Volcano  | Entered a volcano
 15277 | Volcano  | Found a bloodstained altar of Trog.
 15292 | Volcano  | Reached skill level 8 in Maces & Flails
 15553 | Lair:3   | Found a staircase to the Swamp.
 15882 | Lair:3   | Reached skill level 9 in Maces & Flails
 16440 | Lair:4   | Reached skill level 10 in Maces & Flails
 16537 | Lair:4   | Received a gift from Okawaru
 16666 | Lair:4   | Noticed Snorg
 16674 | Lair:4   | Killed Snorg
 16675 | Lair:4   | Reached skill level 11 in Maces & Flails
 16776 | Lair:4   | Found a viscous altar of Jiyva.
 16777 | Lair:4   | Found a staircase to the Slime Pits.
 16933 | Lair:4   | Identified the +4 rapier of the Vanishing Violins {drain,
                  | Fly rN+}
 17213 | Lair:5   | Entered Level 5 of the Lair of Beasts
 17217 | Lair:5   | Identified the +2 robe of Aroysukh {Harm rPois rC-
                  | Archmagi} (Okawaru gifted it to you on level 5 of the Lair
                  | of Beasts)
 17217 | Lair:5   | Received a gift from Okawaru
 17226 | Lair:5   | Reached skill level 12 in Maces & Flails
 17226 | Lair:5   | Reached XP level 14. HP: 128/128 MP: 14/14
 17247 | Lair:5   | Identified a scroll of acquirement
 17247 | Lair:5   | Acquired a manual of Shields
 17409 | Lair:5   | Reached skill level 13 in Shields
 17615 | Lair:5   | Found the +3 warlock's mirror {reflect}
 17630 | Lair:5   | Reached skill level 14 in Shields
 17678 | Lair:5   | Identified the +1 rapier of Serhifat {spect, rElec Str+4}
 18230 | Orc:1    | Killed an orc warlord
 18231 | Orc:1    | Reached skill level 13 in Maces & Flails
 18477 | Orc:2    | Entered Level 2 of the Orcish Mines
 18534 | Orc:2    | Found Weobriam's Antique Weapon Emporium.
 18668 | Orc:2    | Found Uxkuun's Jewellery Shop.
 18668 | Orc:2    | Noticed an orc warlord
 18690 | Orc:2    | Received a gift from Okawaru
 18772 | Orc:2    | Killed an orc warlord
 18837 | Orc:2    | Reached skill level 14 in Maces & Flails
 19059 | Orc:2    | Found Teutave's General Store.
 19067 | Orc:2    | Bought a scroll of enchant weapon for 105 gold pieces
 19070 | Orc:2    | Found a staircase to the Elven Halls.
 19070 | Orc:2    | Found Moubisem's Antique Armour Shoppe.
 19088 | Orc:2    | Bought a pair of crude gloves for 237 gold pieces
 19088 | Orc:2    | Identified the -1 pair of gloves of the Lotus Blossom {rF+
                  | Regen+ rCorr Str-4} (You bought it in a shop on level 2 of
                  | the Orcish Mines)
 19088 | Orc:2    | Bought a glowing scarf for 200 gold pieces
 19283 | Orc:2    | Noticed an orc warlord
 19292 | Orc:2    | Killed an orc warlord
 19300 | Orc:2    | Reached skill level 7 in Fighting
 19606 | Elf:1    | Entered Level 1 of the Elven Halls
 19686 | Elf:1    | Noticed Frances
 19702 | Elf:1    | Killed Frances
 19702 | Elf:1    | Received a gift from Okawaru
 19932 | D:12     | Reached XP level 15. HP: 141/141 MP: 15/15
 19971 | D:12     | Reached skill level 8 in Fighting
 20176 | D:12     | Found a frozen archway.
 20239 | IceCv    | Entered an ice cave
 20387 | IceCv    | Reached skill level 9 in Fighting
 20528 | IceCv    | Identified the ring of Dyritrips {rN+ Str+6}
 20585 | IceCv    | Found an ancient bone altar of Kikubaaqudgha.
 20635 | IceCv    | Identified the +2 robe "Gupraguhae" {Dex+5}
 21353 | D:13     | Reached skill level 10 in Fighting
 21497 | D:13     | Found Rinef's Assorted Antiques.
 21499 | D:13     | Found Hineshae's Armour Shoppe.
 21501 | D:13     | Found Peisoxto's Distillery.
 21505 | D:13     | Found Jeda's Jewellery Shoppe.
 21524 | D:13     | Bought a potion of heal wounds for 75 gold pieces
 21524 | D:13     | Bought a potion of heal wounds for 75 gold pieces
 21571 | D:13     | Reached skill level 15 in Shields
 21724 | D:13     | Found a runed translucent gate.
 21724 | D:13     | Found a runed translucent gate.
 21724 | D:13     | Found a runed translucent gate.
 21724 | D:13     | Noticed Murireun's ghost (journeyman GnFE)
 21755 | D:13     | Identified the +3 barding "Tovi" {rPois} (Okawaru gifted it
                  | to you on level 13 of the Dungeon)
 21755 | D:13     | Received a gift from Okawaru
 21889 | D:13     | Reached skill level 16 in Shields
 22130 | D:13     | Killed Murireun's ghost
 22141 | D:13     | You pick up a book of Armaments and begin reading...
 22141 | D:13     | You add the spells Stone Arrow and Lehudib's Crystal Spear
                  | to your library.
 22147 | D:13     | Identified the +6 broad axe of the Desert {antimagic, rF++
                  | rCorr Str+4 Stlth+}
 22150 | D:13     | P - the +7 eveningstar of Intimidation (weapon) {flame,
                  | *Rage +Blink rCorr Str+10, macerare=g}
 22150 | D:13     | a - the +7 eveningstar of Intimidation (weapon) {flame,
                  | *Rage +Blink rCorr Str+10, macerare=g}
 22202 | D:14     | Found a gate leading to a gauntlet.
 22216 | D:14     | Found a gate to the Vaults.
 22218 | D:14     | Paralysed by an ogre mage for 3 turns
 22226 | D:14     | Reached skill level 17 in Shields
 22267 | D:14     | Reached skill level 18 in Shields
 22290 | Gauntlet | Entered a Gauntlet
 22290 | Gauntlet | Found a transporter.
 22290 | Gauntlet | Found a transporter.
 22290 | Gauntlet | Found a transporter.
 22319 | Gauntlet | Found a transporter.
 22321 | Gauntlet | Found a large runed translucent door.
 22322 | Gauntlet | Found a large runed translucent door.
 22323 | Gauntlet | Found a large runed translucent door.
 22323 | Gauntlet | Found a large runed translucent door.
 22323 | Gauntlet | Found a runed translucent door.
 22323 | Gauntlet | Found a runed translucent door.
 22324 | Gauntlet | Found a large runed translucent door.
 22325 | Gauntlet | Found a large runed translucent door.
 22326 | Gauntlet | Found a large runed translucent door.
 22326 | Gauntlet | Found a large runed translucent door.
 22327 | Gauntlet | Found a runed translucent gate.
 22327 | Gauntlet | Found a runed translucent gate.
 22327 | Gauntlet | Found a runed translucent gate.
 22329 | Gauntlet | Found a transporter.
 22333 | Gauntlet | Found a transporter.
 22349 | Gauntlet | Found a transporter.
 22374 | Gauntlet | Found a large runed translucent door.
 22374 | Gauntlet | Found a large runed translucent door.
 22375 | Gauntlet | Found a large runed translucent door.
 22376 | Gauntlet | Found a large runed translucent door.
 22377 | Gauntlet | Found a large runed translucent door.
 22377 | Gauntlet | Found a large runed translucent door.
 22378 | Gauntlet | Found a large runed translucent door.
 22379 | Gauntlet | Found a large runed translucent door.
 22387 | Gauntlet | Found a transporter.
 22387 | Gauntlet | Found a transporter.
 22431 | Gauntlet | Found a transporter.
 22434 | Gauntlet | Found a transporter.
 22445 | Gauntlet | Found a transporter.
 22575 | Gauntlet | Identified the ring "Ningigec" {Str+6 Dex+5 SInv}
 22614 | Gauntlet | Identified the +1 pair of gloves "Miushep" {+Blink Will-
                  | Str-4 Int+8}
 22619 | Gauntlet | You pick up a book of Dangerous Friends and begin
                  | reading...
 22952 | D:14     | Identified the +2 long sword of Geteg {antimagic, Int+2}
 23013 | D:14     | You pick up a book of the Tundra and begin reading...
 23013 | D:14     | You add the spells Hailstorm and Ice Form to your library.
 23073 | D:14     | You add the spells Passwall and Ignite Poison to your
                  | library.
 23073 | D:14     | Got the Writings on Gathered Transfiguration {@e2}
 23277 | D:14     | Found Gujentoz's Armour Shop.
 23480 | D:15     | Entered Level 15 of the Dungeon
 23537 | D:15     | Reached skill level 11 in Fighting
 23616 | D:15     | Found a stormy altar of Qazlal.
 23725 | D:15     | Reached XP level 16. HP: 160/160 MP: 13/16
 23955 | D:15     | Reached skill level 12 in Fighting
 24044 | D:15     | Identified the +8 tower shield of Proximity {Int+3 Dex+2}
                  | (Okawaru gifted it to you on level 15 of the Dungeon)
 24044 | D:15     | Received a gift from Okawaru
 24080 | D:15     | Found a staircase to the Depths.
 24207 | D:15     | You pick up a book of Minor Magic and begin reading...
 24207 | D:15     | You add the spells Magic Dart and Mephitic Cloud to your
                  | library.
 24440 | Depths:1 | Entered Level 1 of the Depths
 24478 | Depths:1 | Reached skill level 13 in Fighting
 24487 | Depths:1 | Noticed a lich
 24862 | Snake:1  | Entered Level 1 of the Snake Pit
 25336 | Snake:1  | Found Qewot's Antique Armour Emporium.
 25366 | Snake:1  | Bought a jewelled helmet for 351 gold pieces
 25366 | Snake:1  | Identified the +0 helmet "Suarch Ymni" {rCorr Int+3 Dex+4}
                  | (You bought it in a shop on level 1 of the Snake Pit)
 25383 | Snake:1  | Reached skill level 14 in Fighting
 25803 | Snake:1  | Reached skill level 1 in Invocations
 26002 | Snake:2  | Reached skill level 2 in Invocations
 26009 | Snake:2  | Reached skill level 3 in Invocations
 26119 | Snake:2  | Reached skill level 4 in Invocations
 26170 | Snake:2  | Received a gift from Okawaru
 26257 | Snake:2  | Reached skill level 5 in Invocations
 26521 | Snake:2  | Reached skill level 6 in Invocations
 26924 | Snake:3  | Reached skill level 7 in Invocations
 27011 | Snake:3  | Reached XP level 17. HP: 177/177 MP: 22/22
 27245 | D:13     | Bought an amulet of reflection for 480 gold pieces
 27532 | Snake:3  | Reached skill level 8 in Invocations
 27625 | Snake:3  | Found Muywioppe's Book Boutique.
 27625 | Snake:3  | Found Mier's Armour Shop.
 27717 | Snake:3  | Bought a +1 pair of gloves of infusion for 198 gold pieces
 27764 | Snake:3  | Identified the -1 helmet of Sioh {+Inv rPois Str-4 Stlth+}
 27775 | Snake:3  | Found Gena's Firing Range.
 28063 | Snake:3  | Reached skill level 9 in Invocations
 28090 | Snake:3  | Identified the ring of Lesser Demons {rC+ rN+}
 28384 | Snake:4  | Entered Level 4 of the Snake Pit
 28708 | Snake:4  | Reached skill level 10 in Invocations
 29033 | Snake:4  | Identified the +4 battleaxe of the Living Dead {freeze,
                  | Dex+3} (Okawaru gifted it to you on level 4 of the Snake
                  | Pit)
 29033 | Snake:4  | Received a gift from Okawaru
 29326 | Snake:4  | Reached skill level 15 in Fighting
 29369 | Snake:4  | Got a serpentine rune of Zot
 29541 | Snake:4  | Received a gift from Okawaru
 29954 | Vaults:1 | Entered Level 1 of the Vaults
 29963 | Vaults:1 | Paralysed by a Zot trap for 3 turns
 30115 | Vaults:1 | Reached skill level 16 in Fighting
 30125 | Vaults:1 | Noticed Asterion
 30141 | Vaults:1 | Killed Asterion
 30551 | Vaults:1 | Reached XP level 18. HP: 196/196 MP: 17/25
 30600 | Vaults:1 | You pick up a book of Minor Magic and begin reading...
 30714 | Vaults:1 | Reached skill level 17 in Fighting
 30813 | Vaults:1 | Identified the +8 flail "Hoibe" {venom, *Corrode rPois
                  | Will+++ SInv} (Okawaru gifted it to you on level 1 of the
                  | Vaults)
 30813 | Vaults:1 | Received a gift from Okawaru
 30865 | Vaults:1 | the +7 eveningstar of Intimidation {flame, *Rage +Blink
                  | rCorr Str+10, macerare=g} stops flaming.
 30885 | Vaults:1 | the +7 eveningstar of Intimidation {flame, *Rage +Blink
                  | rCorr Str+10, macerare=g} bursts into flame!
 30885 | Vaults:1 | a - the +7 eveningstar of Intimidation (weapon) {flame,
                  | *Rage +Blink rCorr Str+10, macerare=g}
 31091 | Vaults:1 | Paralysed by a great orb of eyes for 5 turns
 31165 | Vaults:1 | Identified the +6 chain mail of Arcadian Fun {rElec Int+4}
                  | (Okawaru gifted it to you on level 1 of the Vaults)
 31165 | Vaults:1 | Received a gift from Okawaru
 31181 | Vaults:1 | Reached skill level 18 in Fighting
 32204 | Vaults:1 | Found Iraevuza's General Store.
 32253 | Vaults:1 | Identified the +3 kite shield of Tomorrow {Str+6 Int-3
                  | SInv}
 32253 | Vaults:1 | Noticed Donald
 32262 | Vaults:1 | Killed Donald
 32520 | Vaults:2 | Reached skill level 11 in Armour
 32668 | Vaults:2 | Reached skill level 12 in Armour
 32942 | Lair:4   | Fell from the grace of Okawaru
 32942 | Lair:4   | Became a worshipper of Jiyva Jiumeod the Shapeless
 32945 | Slime:1  | Entered Level 1 of the Pits of Slime
 33438 | Vaults:2 | Found Faeloy's Jewellery Boutique.
 33459 | Vaults:2 | Reached skill level 13 in Armour
 33792 | Vaults:2 | Found Ukluzent's Antique Weapon Emporium.
 33794 | Vaults:2 | Found Fazic's Distillery.
 33822 | Vaults:1 | HP: 49/201 [poisoned by a deep elf blademaster]
 33827 | Vaults:1 | HP: 43/201 [poisoned by a deep elf blademaster]
 33832 | Vaults:1 | HP: 40/201 [poisoned by a deep elf blademaster]
 34276 | Vaults:2 | an ironbound preserver comes into view. It is wielding a +1
                  | morningstar of protection and wearing the amulet of
                  | Vitality {RegenMP++ Regen++}.
 34295 | Vaults:2 | Reached skill level 14 in Armour
 34738 | Swamp:1  | Entered Level 1 of the Swamp
 34740 | Swamp:1  | Reached * piety under Jiyva
 34742 | Swamp:1  | Identified the +5 short sword of Flawed Execution {flame,
                  | Int+2 Dex+7}
 34841 | Swamp:1  | the +7 eveningstar of Intimidation {flame, *Rage +Blink
                  | rCorr Str+10, macerare=g} stops flaming.
 35600 | Swamp:1  | magus.rc [v1.9.6]
 35717 | Swamp:2  | Reached XP level 19. HP: 209/209 MP: 6/26
 35775 | Swamp:2  | Reached ** piety under Jiyva
 36238 | Swamp:3  | You pick up a book of Frost and begin reading...
 36238 | Swamp:3  | You add the spells Freeze and Frozen Ramparts to your
                  | library.
 36371 | Swamp:3  | You pick up a book of Displacement and begin reading...
 36439 | Swamp:3  | Reached skill level 13 in Axes
 36559 | Swamp:3  | Noticed Louise
 36570 | Swamp:3  | Killed Louise
 36660 | Swamp:4  | Entered Level 4 of the Swamp
 36793 | Swamp:4  | Reached *** piety under Jiyva
 36817 | Swamp:4  | Lost mutation: You are robust. (+10% HP) [Jiyva's grace]
 36817 | Swamp:4  | Gained mutation: You are robust. (+10% HP) [Jiyva's grace]
 36817 | Swamp:4  | Gained mutation: You are very robust. (+20% HP) [Jiyva's
                  | grace]
 36817 | Swamp:4  | Gained mutation: You are extremely robust. (+30% HP)
                  | [Jiyva's grace]
 36817 | Swamp:4  | Gained mutation: Your rubbery body absorbs attacks. (AC +1,
                  | EV +1) [Jiyva's grace]
 37021 | Swamp:4  | the +7 eveningstar of Intimidation {flame, *Rage +Blink
                  | rCorr Str+10, macerare=g} bursts into flame!
 37021 | Swamp:4  | a - the +7 eveningstar of Intimidation (weapon) {flame,
                  | *Rage +Blink rCorr Str+10, macerare=g}
 37052 | Swamp:4  | the +7 eveningstar of Intimidation {flame, *Rage +Blink
                  | rCorr Str+10, macerare=g} stops flaming.
 37054 | Swamp:4  | the +7 eveningstar of Intimidation {flame, *Rage +Blink
                  | rCorr Str+10, macerare=g} bursts into flame!
 37054 | Swamp:4  | a - the +7 eveningstar of Intimidation (weapon) {flame,
                  | *Rage +Blink rCorr Str+10, macerare=g}
 37066 | Swamp:4  | the +7 eveningstar of Intimidation {flame, *Rage +Blink
                  | rCorr Str+10, macerare=g} stops flaming.
 37080 | Swamp:4  | the +7 eveningstar of Intimidation {flame, *Rage +Blink
                  | rCorr Str+10, macerare=g} bursts into flame!
 37080 | Swamp:4  | a - the +7 eveningstar of Intimidation (weapon) {flame,
                  | *Rage +Blink rCorr Str+10, macerare=g}
 37084 | Swamp:4  | the +7 eveningstar of Intimidation {flame, *Rage +Blink
                  | rCorr Str+10, macerare=g} stops flaming.
 37191 | Swamp:4  | Got a decaying rune of Zot
 37237 | Swamp:4  | Reached skill level 14 in Axes
 37496 | Swamp:4  | the +7 eveningstar of Intimidation {flame, *Rage +Blink
                  | rCorr Str+10, macerare=g} bursts into flame!
 37496 | Swamp:4  | a - the +7 eveningstar of Intimidation (weapon) {flame,
                  | *Rage +Blink rCorr Str+10, macerare=g}
 37499 | Swamp:4  | the +7 eveningstar of Intimidation {flame, *Rage +Blink
                  | rCorr Str+10, macerare=g} stops flaming.
 37905 | Vaults:2 | HP: 61/245 [merfolk javelineer/silver javelin[the fury of
                  | Okawaru] (2)]
 38348 | Vaults:2 | Paralysed by a sphinx for 4 turns
 38383 | Vaults:2 | Reached **** piety under Jiyva
 38566 | Vaults:2 | Found Ytasac's Weapon Shop.
 38667 | Vaults:3 | Found Goqoab's Weapon Shop.
 38831 | Vaults:3 | Found Loacuv's Weapon Boutique.
 38832 | Vaults:3 | Found a staircase to the Crypt.
 38972 | Vaults:3 | Reached skill level 15 in Axes
 39071 | Vaults:3 | Found Huat's Weapon Shop.
 39187 | Vaults:3 | Reached ***** piety under Jiyva
 39188 | Vaults:3 | Found Nujum's Armour Emporium.
 39298 | Vaults:3 | Found Atajaps's Distillery.
 39301 | Vaults:3 | Bought a potion of heal wounds for 95 gold pieces
 39336 | Vaults:3 | Noticed Xtahua
 39349 | Vaults:3 | Paralysed by Xtahua for 5 turns
 39352 | Vaults:3 | Identified the +8 chain mail "Upre Nioj" {Will+ Str+4 SInv}
 39356 | Vaults:3 | Killed Xtahua
 39437 | Vaults:3 | Lost mutation: You have a somewhat thin skeletal structure.
                  | (Dex +2, Stealth+) [Jiyva's grace]
 39437 | Vaults:3 | Lost mutation: You are extremely robust. (+30% HP) [Jiyva's
                  | grace]
 39437 | Vaults:3 | Gained mutation: You have sharp toenails. [Jiyva's grace]
 39437 | Vaults:3 | Gained mutation: You have razor-sharp toenails. [Jiyva's
                  | grace]
 39437 | Vaults:3 | Gained mutation: You have claws for feet. [Jiyva's grace]
 39437 | Vaults:3 | Gained mutation: You expend magic power (3 MP) to
                  | strengthen your wands. [Jiyva's grace]
 40018 | Vaults:4 | Found Xymmiq's Weapon Shoppe.
 40173 | Vaults:4 | Reached skill level 16 in Axes
 40182 | Vaults:4 | Found a runed translucent gate.
 40182 | Vaults:4 | Found a runed translucent gate.
 40182 | Vaults:4 | Found an ancient bone altar of Kikubaaqudgha.
 40182 | Vaults:4 | Found a runed translucent gate.
 40182 | Vaults:4 | Noticed Vivivvi's ghost (veteran DjCj)
 40184 | Vaults:4 | Noticed an ancient lich
 40244 | Vaults:4 | Reached XP level 20. HP: 220/237 MP: 6/27
 40633 | Vaults:4 | Reached ****** piety under Jiyva
 40926 | Slime:5  | Entered Level 5 of the Pits of Slime
 40956 | Slime:5  | Found a viscous altar of Jiyva.
 40957 | Slime:5  | Found the +8 Vampire's Tooth {vamp}
 40970 | Slime:5  | Got a slimy rune of Zot
 40971 | Slime:5  | Identified the +1 cloak "Plog" {rF- rCorr Str+2 Int-4
                  | Dex+8}
 40981 | Slime:5  | Identified the +3 broad axe of Pandemonium {antimagic, rN+
                  | rCorr Str-2}
 41360 | Vaults:5 | Entered Level 5 of the Vaults
 41394 | Vaults:5 | Noticed a golden dragon
 41405 | Vaults:5 | Killed a golden dragon
 41405 | Vaults:5 | Identified +0 gold dragon scales
 41501 | Vaults:5 | Paralysed by a yaktaur for 4 turns
 41516 | Vaults:5 | Reached skill level 19 in Fighting
 41545 | Vaults:5 | Paralysed by a sphinx for 3 turns
 41578 | Vaults:5 | r - +0 gold dragon scales {rare}
 41601 | Vaults:5 | You add the spells Sting and Poisonous Vapours to your
                  | library.
 41612 | Vaults:5 | Got a silver rune of Zot
 41627 | Vaults:5 | Identified the +5 chain mail "Biov" {rF+ rC+ Dex+4 Stlth+}
 41632 | Vaults:5 | Found the +6 arbalest "Damnation" {damnation}
 41667 | Vaults:5 | Identified the +3 spear of Yredelemnul {vamp, Dex+3}
 41839 | Vaults:5 | Reached skill level 15 in Armour
 41857 | Vaults:5 | Was forgiven by Okawaru
 41960 | Vaults:5 | Noticed a golden dragon
 41971 | Vaults:5 | Noticed an ancient lich
 41973 | Vaults:5 | Killed a golden dragon
 41988 | Vaults:5 | an ironbound preserver comes into view. It is wielding a +2
                  | war axe of draining and wearing the brooch of Shielding
                  | {Spirit SH+8}.
 41999 | Vaults:5 | HP: 51/242 [ancient lich/bolt of acid (13)]
 42001 | Vaults:5 | HP: 12/242 [titan (21)]
 42002 | Vaults:5 | Killed from afar by an ancient lich

Vanquished Creatures
  Xtahua (Vaults:3)
  2 golden dragons (Vaults:5)
  Asterion (Vaults:1)
  8 titans
  3 deep elf master archers
  4 deep elf blademasters
  6 sphinxes
  Frances (Elf:1)
  Gastronok (Lair:2)
  8 nagarajas (Snake:4)
  3 tengu reavers (Vaults:5)
  Donald (Vaults:1)
  2 fenstrider witches
  8 fire giants
  A deep elf sorcerer (Vaults:1)
  9 frost giants
  Louise (Swamp:3)
  12 vault wardens
  The ghost of Murireun the Martial Artist, a journeyman GnFE of Cheibriados (D:13)
  11 orc warlords
  13 very ugly things
  15 ironbound preservers
  2 ironbound thunderhulks
  5 war gargoyles
  10 stone giants
  A deep elf demonologist (Vaults:2)
  3 eleionomae
  17 dire elephants
  2 bunyips
  A minotaur (Gauntlet)
  Snorg (Lair:4)
  3 crystal guardians
  A deep elf death mage (Vaults:1)
  3 merfolk impalers
  2 merfolk javelineers
  An ettin (Vaults:5)
  4 fire dragons
  A shambling mangrove (Swamp:1)
  29 vault guards
  Harold (Lair:2)
  3 great orbs of eyes (Vaults:1)
  6 peacekeepers
  3 entropy weavers
  A rakshasa (D:15)
  13 yaktaur captains
  2 deep elf high priests
  Fannar (D:11)
  2 ghost crabs (Swamp:3)
  A salamander tyrant (Snake:4)
  15 hydras
  A merfolk avatar (Lair:5)
  A catoblepas (Lair:4)
  8 ironbound frosthearts
  20 centaur warriors
  An ogre mage (D:14)
  3 anacondas
  4 boulder beetles
  8 naga warriors
  A deep troll shaman (Depths:1)
  12 two-headed ogres
  9 alligators
  7 death yaks
  6 shock serpents
  4 tengu warriors
  A sun demon (Volcano)
  9 naga sharpshooters
  4 orc high priests (Orc:2)
  Sonja (Lair:2)
  A large abomination (Gauntlet)
  5 spriggans
  3 fire crabs (Swamp:4)
  A fire crab (shapeshifter) (D:15)
  7 skeletal warriors (D:15)
  6 deep elf knights
  A hell knight (Depths:1)
  3 naga ritualists
  3 salamander mystics
  3 goliath frogs
  13 sea snakes
  20 deep trolls
  A death drake (Swamp:2)
  A flayed ghost (Vaults:5)
  2 glowing orange brains
  2 bog bodies
  2 wizards
  A harpy (Lair:5)
  9 deep elf pyromancers
  3 necromancers
  12 lindwurms
  15 ironbound convokers
  9 swamp dragons
  A shadow dragon zombie (Vaults:2)
  4 deep elf archers
  15 mana vipers
  3 phantasmal warriors (Vaults:5)
  29 orc knights
  5 deep elf zephyrmancers
  3 wolf spiders
  5 manticores
  31 ugly things
  11 salamanders
  2 cyclopes
  2 will-o-the-wisps
  9 orc sorcerers
  14 naga magi
  16 elephants
  18 vault sentinels
  5 guardian serpents
  A molten gargoyle (Volcano)
  An ice statue (IceCv)
  39 black mambas
  A gargoyle (D:11)
  10 cane toads
  An unseen horror (D:11)
  2 kobold demonologists
  5 rime drakes
  12 ice devils (IceCv)
  29 yaktaurs
  2 tengu conjurers
  An anaconda simulacrum (IceCv)
  6 freezing wraiths
  10 komodo dragons
  A bloated husk (Swamp:1)
  2 red devils (Volcano)
  7 trolls
  A polar bear (Lair:5)
  16 merfolk
  11 hornets
  2 wind drakes (Lair:5)
  5 tyrant leeches
  32 slime creatures
  17 blink frogs
  An ettin zombie (Vaults:2)
  A jumping spider (Vaults:2)
  2 shadows
  29 yaks
  4 dire elephant simulacra (IceCv)
  3 water elementals
  A ynoxinul (Gauntlet)
  3 wyverns
  4 wraiths
  7 basilisks
  5 fire bats (Volcano)
  A golden eye (shapeshifter) (D:14)
  A redback (shapeshifter) (Vaults:5)
  4 vampire mosquitoes (D:12)
  A fire elemental (Swamp:4)
  7 steam dragons
  2 redbacks (Vaults:2)
  4 death yak simulacra (IceCv)
  31 nagas
  A harpy simulacrum (IceCv)
  10 wargs
  10 swamp worms
  An acid dragon (D:9)
  15 water moccasins
  39 orc warriors
  2 hydra simulacra (IceCv)
  3 hell hounds (Volcano)
  2 ice beasts (D:5)
  3 sky beasts (D:7)
  9 swamp drakes
  2 boggarts
  13 ogres
  13 centaurs
  9 wolves (Lair:1)
  2 phantoms
  2 kobold brigands
  5 small abominations (Gauntlet)
  18 bullfrogs
  An earth elemental (Elf:1)
  2 gnoll sergeants
  2 necrophages
  A two-headed ogre simulacrum (IceCv)
  5 cane toad simulacra (IceCv)
  6 scorpions
  12 wights
  8 killer bees
  3 elephant simulacra (IceCv)
  8 electric eels
  6 howler monkeys
  7 lava snakes
  5 hounds
  13 jellies
  3 gnoll boudas
  20 orc priests
  4 iron imps (Gauntlet)
  An iguana (D:5)
  19 orc wizards
  3 polar bear simulacra (IceCv)
  2 spriggan simulacra (IceCv)
  5 hell rats (Lair:1)
  A troll simulacrum (IceCv)
  5 wolf simulacra (IceCv)
  20 gnolls
  12 adders
  3 shadow imps
  12 white imps (D:12)
  4 ufetubi
  2 dart slugs
  85 orcs
  2 bats
  18 endoplasms
  2 giant cockroaches
  10 goblins
  A hobgoblin (D:2)
  2 jackals (D:2)
  7 quokkas
  4 ball pythons
  11 kobolds
  7 rats
1470 creatures vanquished.

Vanquished Creatures (others)
  5 great orbs of eyes
  A yaktaur captain (Vaults:5)
  An orb spider (shapeshifter) (Vaults:5)
  A glowing orange brain (shapeshifter) (Vaults:5)
  2 wizards
  An ironbound convoker (Vaults:2)
  2 lindwurms (Vaults:2)
  3 ugly things (Vaults:3)
  A guardian serpent (shapeshifter) (Vaults:5)
  2 vault sentinels
  A komodo dragon (shapeshifter) (Vaults:2)
  A meliai (shapeshifter) (Vaults:5)
  3 bloated husks
  20 slime creatures
  A merfolk (shapeshifter) (Vaults:5)
  An elf zombie (Vaults:2)
  A steam dragon (Swamp:4)
  A naga (Snake:4)
  3 swamp drakes (Swamp:4)
  80 jellies
  3 demonic plants (Gauntlet)
  2 foxfires (Swamp:2)
  50 fungi
  93 plants
279 creatures vanquished.

Grand Total: 1749 creatures vanquished

Table legend:
 A = Non-vault XP
 B = Vault XP
 C = Vault XP percentage of total XP
 D = Non-vault monster count
 E = Vault monster count
 F = Vault count percentage of total count
                 A         B        C        D         E       F
            +---------+---------+-------+---------+---------+-------
      Total |  285983 |  270834 |  48.6 |     841 |     533 |  38.8
            +---------+---------+-------+---------+---------+-------
        D:1 |      21 |       0 |   0.0 |      11 |       0 |   0.0
        D:2 |      63 |       0 |   0.0 |      17 |       0 |   0.0
        D:3 |     126 |      20 |  13.7 |      14 |       6 |  30.0
        D:4 |     383 |       0 |   0.0 |      23 |       0 |   0.0
        D:5 |     978 |       0 |   0.0 |      20 |       0 |   0.0
        D:6 |    1148 |       0 |   0.0 |      19 |       0 |   0.0
        D:7 |    1058 |     749 |  41.4 |      19 |      12 |  38.7
        D:8 |    1819 |       0 |   0.0 |      21 |       0 |   0.0
        D:9 |    1297 |     233 |  15.2 |      13 |      21 |  61.8
       D:10 |    3348 |       0 |   0.0 |      18 |       0 |   0.0
       D:11 |    4648 |     870 |  15.8 |      36 |       1 |   2.7
       D:12 |    7348 |     122 |   1.6 |      16 |      12 |  42.9
       D:13 |    8145 |    3965 |  32.7 |      18 |       5 |  21.7
       D:14 |    8440 |    3682 |  30.4 |      24 |       5 |  17.2
       D:15 |   19179 |    6720 |  25.9 |      39 |      11 |  22.0
     Lair:1 |    5158 |    2141 |  29.3 |      21 |      32 |  60.4
     Lair:2 |    6212 |    3127 |  33.5 |      19 |       3 |  13.6
     Lair:3 |    3700 |    1959 |  34.6 |      15 |       6 |  28.6
     Lair:4 |    8826 |    7046 |  44.4 |      26 |      15 |  36.6
     Lair:5 |    7961 |    8368 |  51.2 |      29 |      20 |  40.8
    Swamp:1 |    7720 |       0 |   0.0 |      19 |       0 |   0.0
    Swamp:2 |    8039 |    1138 |  12.4 |      16 |       4 |  20.0
    Swamp:3 |    8511 |    1213 |  12.5 |      13 |       1 |   7.1
    Swamp:4 |    8525 |   14103 |  62.3 |      15 |      27 |  64.3
    Snake:1 |   14182 |       0 |   0.0 |      31 |       0 |   0.0
    Snake:2 |   18433 |       0 |   0.0 |      37 |       0 |   0.0
    Snake:3 |   16067 |    1311 |   7.5 |      34 |       4 |  10.5
    Snake:4 |   11578 |   25136 |  68.5 |      21 |      36 |  63.2
      Orc:1 |    5001 |       0 |   0.0 |      40 |       0 |   0.0
      Orc:2 |    5961 |   10081 |  62.8 |      49 |      27 |  35.5
      Elf:1 |     942 |    1493 |  61.3 |       3 |       1 |  25.0
   Vaults:1 |   23933 |   40141 |  62.6 |      39 |      49 |  55.7
   Vaults:2 |   25990 |   26978 |  50.9 |      38 |      36 |  48.6
   Vaults:3 |   12459 |   10567 |  45.9 |      16 |      10 |  38.5
   Vaults:4 |    9590 |   19410 |  66.9 |      14 |      24 |  63.2
   Vaults:5 |   13874 |   58525 |  80.8 |      31 |      60 |  65.9
   Depths:1 |    5320 |    1858 |  25.9 |       7 |       2 |  22.2
     Bailey |       0 |    2503 | 100.0 |       0 |      19 | 100.0
      IceCv |       0 |    9631 | 100.0 |       0 |      51 | 100.0
    Volcano |       0 |    4098 | 100.0 |       0 |      19 | 100.0
   Gauntlet |       0 |    3646 | 100.0 |       0 |      14 | 100.0
            +---------+---------+-------+---------+---------+-------

Illustrated notes

Table legend:
 A = Kills in this place as a percentage of kills in entire the game.
 B = Kills by you in this place as a percentage of kills by you in the entire game.
 C = Kills by friends in this place as a percentage of kills by friends in the entire game.
 D = Other kills in this place as a percentage of other kills in the entire game.
 E = Experience gained in this place as a percentage of experience gained in the entire game.
 F = Experience gained in this place divided by the number of levels of this place that you have seen.
                   A       B       C       D       E      F
               +-------+-------+-------+-------+-------+----------------------
         Total | 100.0 | 100.0 |   N/A | 100.0 | 100.0 | 12104.7
       Dungeon |  27.7 |  27.6 |   N/A |  42.9 |  13.4 | 4957.5
          Lair |  13.5 |  13.7 |   N/A |   0.0 |   9.8 | 10899.6
         Swamp |   6.9 |   6.9 |   N/A |   7.1 |   8.8 | 12312.2
     Snake Pit |  11.9 |  11.9 |   N/A |   7.1 |  15.6 | 21676.8
  Orcish Mines |   8.4 |   8.2 |   N/A |  35.7 |   3.8 | 10521.5
   Elven Halls |   0.3 |   0.3 |   N/A |   0.0 |   0.4 | 2435.0
        Vaults |  23.1 |  23.3 |   N/A |   0.0 |  43.4 | 48293.4
        Depths |   0.7 |   0.7 |   N/A |   0.0 |   1.3 | 7178.0
        Bailey |   1.4 |   1.3 |   N/A |   7.1 |   0.4 | 2503.0
      Ice Cave |   3.7 |   3.8 |   N/A |   0.0 |   1.7 | 9631.0
       Volcano |   1.4 |   1.4 |   N/A |   0.0 |   0.7 | 4098.0
      Gauntlet |   1.0 |   1.0 |   N/A |   0.0 |   0.7 | 3646.0
               +-------+-------+-------+-------+-------+----------------------

Table legend: (Time is in decaauts)
 A = Elapsed time spent in this place.
 B = Non-inter-level travel time spent in this place.
 C = Inter-level travel time spent in this place.
 D = Time resting spent in this place.
 E = Time spent auto-exploring this place.
 F = Levels seen in this place.
 G = Mean time per level.
                   A        B        C        D        E       F      G
               +--------+--------+--------+--------+--------+-----+--------+
         Total |  43043 |  38460 |   4583 |   5220 |  24206 |  46 |  935.7 |
       Dungeon |  17678 |  15577 |   2101 |   2497 |   9818 |  15 | 1178.5 |
          Lair |   6070 |   5121 |    949 |    461 |   3483 |   5 | 1214.0 |
         Swamp |   2764 |   2589 |    175 |    149 |   1853 |   4 |  691.0 |
     Snake Pit |   4902 |   4426 |    476 |    536 |   3261 |   4 | 1225.5 |
    Slime Pits |    212 |    122 |     90 |      0 |     45 |   5 |   42.4 |
  Orcish Mines |   1939 |   1787 |    152 |    212 |   1048 |   2 |  969.5 |
   Elven Halls |    162 |    139 |     23 |     19 |     70 |   1 |  162.0 |
        Vaults |   7622 |   7008 |    614 |   1219 |   4002 |   5 | 1524.4 |
        Depths |     51 |     51 |      0 |      0 |      6 |   1 |   51.0 |
        Bailey |    261 |    261 |      0 |     19 |     94 |   1 |  261.0 |
      Ice Cave |    496 |    496 |      0 |     28 |    174 |   1 |  496.0 |
       Volcano |    424 |    424 |      0 |     51 |    125 |   1 |  424.0 |
      Gauntlet |    456 |    456 |      0 |     26 |    225 |   1 |  456.0 |
               +--------+--------+--------+--------+--------+-----+--------+

Top non-repeatable levels by time:
Vaults:1: 3197 daAuts
Vaults:2: 1783 daAuts
  Lair:2: 1572 daAuts
    D:11: 1507 daAuts
    D:14: 1406 daAuts
     D:6: 1389 daAuts
 Snake:4: 1387 daAuts
 Snake:1: 1347 daAuts
     D:3: 1342 daAuts
    D:13: 1329 daAuts
     D:5: 1323 daAuts
     D:7: 1250 daAuts
    D:15: 1240 daAuts
  Lair:1: 1238 daAuts
  Lair:3: 1211 daAuts
